TOP OF THE 1ST |
Indiana Hoosiers batting - Pitching for Louisiana State Tigers : LHP Ernest Hutchinson
|
Pitching: LHP Ernest Hutchinson
|
|
Batting: SHB Terry Christian
|
0-0: Ground out 4-3 (Groundball, 4)
|
Batting: RHB Elwood López
|
0-0: Called Strike 0-1: Swinging Strike 0-2: Foul Ball, location: 2F 0-2: Strikes out swinging
|
Batting: RHB Stephen Concepción
|
0-0: Hit by Pitch
|
Batting: RHB Mark Chamberlin
|
0-0: Ball 1-0: Foul Ball, location: 2F 1-1: Swinging Strike 1-2: Foul Ball, location: 2F 1-2: Strikes out swinging
|
Top of the 1st over - 0 run(s), 0 hit(s), 0 error(s), 1 left on base; Indiana 0 - Louisiana State 0 |
BOTTOM OF THE 1ST |
Louisiana State Tigers batting - Pitching for Indiana Hoosiers : RHP John Turner
|
Pitching: RHP John Turner
|
|
Batting: LHB Al Miller
|
0-0: Ball 1-0: Foul Ball, location: 2F 1-1: Foul Ball, location: 2F 1-2: Ball 2-2: Foul Ball, location: 2F 2-2: SINGLE (Groundball, 4M) (infield hit)
|
Batting: RHB José López
|
0-0: Ball 1-0: Ball 2-0: Called Strike 2-1: Ball Wild Pitch! Al Miller to second 3-1: Base on Balls
|
Batting: SHB Arturo Sánchez
|
0-0: Fly out, F7 (Flyball, 7M)
|
Batting: RHB John Howell
|
0-0: Ball 1-0: Ball 2-0: Grounds into double play, U6-3 (Groundball, 6)
|
Bottom of the 1st over - 0 run(s), 1 hit(s), 0 error(s), 1 left on base; Indiana 0 - Louisiana State 0 |
TOP OF THE 2ND |
Indiana Hoosiers batting - Pitching for Louisiana State Tigers : LHP Ernest Hutchinson
|
Batting: RHB Troy Johnson
|
0-0: Called Strike 0-1: Ball 1-1: Ball 2-1: Swinging Strike 2-2: Foul Ball, location: 2F 2-2: Strikes out looking
|
Batting: RHB Jason McNeil
|
0-0: Called Strike 0-1: Foul Ball, location: 2F 0-2: Strikes out looking
|
Batting: RHB Will White
|
0-0: Swinging Strike 0-1: Ball 1-1: Ball 2-1: Ground out 5-3 (Groundball, 56S)
|
Top of the 2nd over - 0 run(s), 0 hit(s), 0 error(s), 0 left on base; Indiana 0 - Louisiana State 0 |
BOTTOM OF THE 2ND |
Louisiana State Tigers batting - Pitching for Indiana Hoosiers : RHP John Turner
|
Batting: LHB Glenn Williamson
|
0-0: Ball 1-0: Ball 2-0: Ball 3-0: Base on Balls
|
Batting: RHB Artie Owen
|
0-0: Called Strike 0-1: Ball 1-1: Ball Glenn Williamson steals 2nd base 2-1: Ground out 5-3 (Groundball, 5S) Glenn Williamson to third
|
Batting: LHB Ronald Wallace
|
0-0: Ball 1-0: Swinging Strike 1-1: SINGLE (Groundball, 56D) Glenn Williamson scores
|
Batting: RHB Ed Meyers
|
0-0: Called Strike 0-1: Ball 1-1: Foul Ball, location: 2F 1-2: Ball 2-2: Foul Ball, location: 2F 2-2: Strikes out swinging
|
Batting: RHB Melvin Johnstone
|
0-0: Ball 1-0: Ball 2-0: Ball 3-0: Called Strike 3-1: Base on Balls Ronald Wallace to second
|
Batting: LHB Al Miller
|
0-0: Ball 1-0: Foul Ball, location: 2F 1-1: Ball 2-1: Foul Ball, location: 2F 2-2: Fly out, F8 (Line Drive, 8LM)
|
Bottom of the 2nd over - 1 run(s), 1 hit(s), 0 error(s), 2 left on base; Indiana 0 - Louisiana State 1 |
TOP OF THE 3RD |
Indiana Hoosiers batting - Pitching for Louisiana State Tigers : LHP Ernest Hutchinson
|
Batting: RHB Eugene Williams
|
0-0: Called Strike 0-1: Swinging Strike 0-2: Foul Ball, location: 2F 0-2: Strikes out swinging
|
Batting: RHB Armando Bernard
|
0-0: Ball 1-0: Ground out 6-3 (Groundball, 6M)
|
Batting: SHB Terry Christian
|
0-0: Ball 1-0: Ball 2-0: Ball 3-0: Called Strike 3-1: Ground out U3 (Groundball, 3)
|
Top of the 3rd over - 0 run(s), 0 hit(s), 0 error(s), 0 left on base; Indiana 0 - Louisiana State 1 |
BOTTOM OF THE 3RD |
Louisiana State Tigers batting - Pitching for Indiana Hoosiers : RHP John Turner
|
Batting: RHB José López
|
0-0: Ball 1-0: Swinging Strike 1-1: Ball 2-1: Swinging Strike 2-2: Ground out 5-3 (Groundball, 5L)
|
Batting: SHB Arturo Sánchez
|
0-0: Called Strike 0-1: Ground out 1-3 (Groundball, 15S)
|
Batting: RHB John Howell
|
0-0: Called Strike 0-1: Swinging Strike 0-2: Ball 1-2: Strikes out swinging
|
Bottom of the 3rd over - 0 run(s), 0 hit(s), 0 error(s), 0 left on base; Indiana 0 - Louisiana State 1 |
TOP OF THE 4TH |
Indiana Hoosiers batting - Pitching for Louisiana State Tigers : LHP Ernest Hutchinson
|
Batting: RHB Elwood López
|
0-0: Ball 1-0: Ball 2-0: Swinging Strike 2-1: Ball 3-1: Fly out, F4 (Popup, 4MD)
|
Batting: RHB Stephen Concepción
|
0-0: Ball 1-0: Foul Ball, location: 2F 1-1: Ball 2-1: Hit by Pitch
|
Batting: RHB Mark Chamberlin
|
0-0: Foul Ball, location: 2F 0-1: Ball 1-1: Foul Ball, location: 2F 1-2: Foul Ball, location: 2F 1-2: Foul Ball, location: 2F 1-2: Ball 2-2: Strikes out swinging Stephen Concepción steals 2nd base Batter strikes out.
|
Batting: RHB Troy Johnson
|
0-0: Ground out 6-3 (Groundball, 6)
|
Top of the 4th over - 0 run(s), 0 hit(s), 0 error(s), 1 left on base; Indiana 0 - Louisiana State 1 |
BOTTOM OF THE 4TH |
Louisiana State Tigers batting - Pitching for Indiana Hoosiers : RHP John Turner
|
Batting: LHB Glenn Williamson
|
0-0: Ball 1-0: Foul Ball, location: 2F 1-1: Called Strike 1-2: Strikes out swinging
|
Batting: RHB Artie Owen
|
0-0: Ball 1-0: Called Strike 1-1: Fly out, F9 (Flyball, 89M)
|
Batting: LHB Ronald Wallace
|
0-0: Called Strike 0-1: Swinging Strike 0-2: Ball 1-2: Strikes out swinging
|
Bottom of the 4th over - 0 run(s), 0 hit(s), 0 error(s), 0 left on base; Indiana 0 - Louisiana State 1 |
TOP OF THE 5TH |
Indiana Hoosiers batting - Pitching for Louisiana State Tigers : LHP Ernest Hutchinson
|
Batting: RHB Jason McNeil
|
0-0: Ball 1-0: Ball 2-0: Foul Ball, location: 2F 2-1: Ball 3-1: Swinging Strike 3-2: Strikes out swinging
|
Batting: RHB Will White
|
0-0: Called Strike 0-1: Ball 1-1: Called Strike 1-2: Ball 2-2: Ball 3-2: SINGLE (Groundball, 56D)
|
Batting: RHB Eugene Williams
|
0-0: Foul Ball, location: 2F 0-1: Ball 1-1: Called Strike Pickoff Throw by Catcher to First - Out! 1-2: Ball 2-2: Ball 3-2: Strikes out swinging
|
Top of the 5th over - 0 run(s), 1 hit(s), 0 error(s), 0 left on base; Indiana 0 - Louisiana State 1 |
BOTTOM OF THE 5TH |
Louisiana State Tigers batting - Pitching for Indiana Hoosiers : RHP John Turner
|
Batting: RHB Ed Meyers
|
0-0: Foul Ball, location: 2F 0-1: Foul Ball, location: 2F 0-2: Ball 1-2: Ball 2-2: Ball 3-2: Base on Balls
|
Batting: RHB Melvin Johnstone
|
0-0: Grounds into double play, 1-6-3 (Groundball, 15)
|
Batting: LHB Al Miller
|
0-0: Ball 1-0: Swinging Strike 1-1: Ball 2-1: SINGLE (Groundball, 34)
|
Batting: RHB José López
|
0-0: Fielders Choice at 2nd, 4-6 (Groundball, 6M)
|
Bottom of the 5th over - 0 run(s), 1 hit(s), 0 error(s), 0 left on base; Indiana 0 - Louisiana State 1 |
TOP OF THE 6TH |
Indiana Hoosiers batting - Pitching for Louisiana State Tigers : LHP Ernest Hutchinson
|
Batting: RHB Armando Bernard
|
0-0: Ground out 5-3 (Groundball, 56)
|
Batting: SHB Terry Christian
|
0-0: Ball
|
|
|
|
1-0: Called Strike 1-1: Ball 2-1: Ground out 5-3 (Groundball, 56)
|
Batting: RHB Elwood López
|
0-0: Called Strike 0-1: Foul Ball, location: 2F 0-2: SINGLE (Groundball, 6)
|
Pitching: LHP Augusto García
|
|
Batting: RHB Stephen Concepción
|
0-0: Ball 1-0: Ball 2-0: Called Strike 2-1: Foul Ball, location: 2F 2-2: SINGLE (Groundball, 56D) Elwood López to second
|
Batting: RHB Mark Chamberlin
|
0-0: Ball 1-0: Ball 2-0: SINGLE (Groundball, 56) Elwood López to third Stephen Concepción to second Runner from 3rd tries for Home, SAFE, no throw or cutoff
|
Batting: RHB Troy Johnson
|
0-0: Swinging Strike 0-1: Ground out 6-3 (Groundball, 6)
|
Top of the 6th over - 1 run(s), 3 hit(s), 0 error(s), 2 left on base; Indiana 1 - Louisiana State 1 |
BOTTOM OF THE 6TH |
Louisiana State Tigers batting - Pitching for Indiana Hoosiers : RHP John Turner
|
Pitching: RHP Dave Williams
|
|
Batting: SHB Arturo Sánchez
|
0-0: Called Strike 0-1: Ball 1-1: SINGLE (Groundball, 56D)
|
Batting: RHB John Howell
|
0-0: Ball 1-0: SINGLE (Groundball, 6M) Arturo Sánchez to second
|
Batting: LHB Glenn Williamson
|
0-0: Called Strike 0-1: Fly out, F4 (Popup, 34D)
|
Batting: RHB Artie Owen
|
0-0: Called Strike John Howell steals 2nd base Arturo Sánchez to third 0-1: Ball 1-1: Foul Ball, location: 2F 1-2: Foul Ball, location: 2F 1-2: Ball 2-2: Ball 3-2: Foul Ball, location: 2F 3-2: Base on Balls
|
Batting: LHB Ronald Wallace
|
0-0: Called Strike 0-1: Ball 1-1: Ball 2-1: Called Strike 2-2: Ball 3-2: Strikes out swinging
|
Batting: RHB Ed Meyers
|
0-0: Ball 1-0: Ball 2-0: Called Strike 2-1: DOUBLE (Line Drive, 7LD) Arturo Sánchez scores John Howell scores Artie Owen to third Runner from 3rd tries for Home, SAFE, throw made home
|
Batting: RHB Melvin Johnstone
|
0-0: Ball 1-0: Called Strike 1-1: Foul Ball, location: 2F 1-2: Strikes out swinging
|
Bottom of the 6th over - 3 run(s), 3 hit(s), 0 error(s), 1 left on base; Indiana 1 - Louisiana State 4 |
TOP OF THE 7TH |
Indiana Hoosiers batting - Pitching for Louisiana State Tigers : LHP Augusto García
|
Batting: RHB Jason McNeil
|
0-0: Reached on error, E5 (Groundball, 5S)
|
Batting: RHB Will White
|
0-0: Called Strike 0-1: Foul Ball, location: 2F 0-2: Strikes out swinging
|
Batting: RHB Eugene Williams
|
0-0: Ball 1-0: Called Strike 1-1: Foul Ball, location: 2F 1-2: Fly out, F7 (Flyball, 78M)
|
Batting: RHB Armando Bernard
|
0-0: Called Strike 0-1: Ball 1-1: Swinging Strike 1-2: Strikes out looking
|
Top of the 7th over - 0 run(s), 0 hit(s), 1 error(s), 1 left on base; Indiana 1 - Louisiana State 4 |
BOTTOM OF THE 7TH |
Louisiana State Tigers batting - Pitching for Indiana Hoosiers : RHP Dave Williams
|
Batting: LHB Al Miller
|
0-0: Swinging Strike 0-1: Ball 1-1: Ball 2-1: Ball 3-1: Base on Balls
|
Batting: RHB José López
|
0-0: Called Strike 0-1: Ball 1-1: Foul Ball, location: 2F 1-2: Ball 2-2: Foul Ball, location: 2F 2-2: Fly out, F1 (Line Drive, 15)
|
Batting: SHB Arturo Sánchez
|
0-0: Ball 1-0: Ball 2-0: Called Strike 2-1: Ball 3-1: Base on Balls Al Miller to second
|
Batting: RHB John Howell
|
0-0: Fly out, F3 (Popup, 3F)
|
Batting: LHB Glenn Williamson
|
0-0: Called Strike 0-1: Fly out, F9 (Flyball, 8RM)
|
Bottom of the 7th over - 0 run(s), 0 hit(s), 0 error(s), 2 left on base; Indiana 1 - Louisiana State 4 |
TOP OF THE 8TH |
Indiana Hoosiers batting - Pitching for Louisiana State Tigers : LHP Augusto García
|
Batting: SHB Terry Christian
|
0-0: Called Strike 0-1: Ball 1-1: Swinging Strike 1-2: Ball 2-2: Strikes out swinging
|
Batting: RHB Elwood López
|
0-0: Foul Ball, location: 2F 0-1: Ball 1-1: Ground out 4-3 (Groundball, 13)
|
Batting: RHB Stephen Concepción
|
0-0: Fly out, F8 (Flyball, 8RM)
|
Top of the 8th over - 0 run(s), 0 hit(s), 0 error(s), 0 left on base; Indiana 1 - Louisiana State 4 |
BOTTOM OF THE 8TH |
Louisiana State Tigers batting - Pitching for Indiana Hoosiers : RHP Dave Williams
|
Pitching: RHP Edward Armstrong
|
|
Batting: RHB Artie Owen
|
0-0: Ball 1-0: Ball 2-0: SINGLE (Flyball, 89S)
|
Batting: LHB Ronald Wallace
|
0-0: Ball 1-0: Ground out U3 (Groundball, 3S) Artie Owen to second
|
Batting: RHB Ed Meyers
|
0-0: Intentional Walk
|
Batting: RHB Melvin Johnstone
|
0-0: 3-RUN HOME RUN (Flyball, 7D), Distance : 353 ft
|
Batting: LHB Al Miller
|
0-0: Called Strike 0-1: Swinging Strike 0-2: Ground out 4-3 (Groundball, 4)
|
Batting: RHB José López
|
0-0: Foul Ball, location: 2F 0-1: Fly out, F3 (Popup, 23F)
|
Bottom of the 8th over - 3 run(s), 2 hit(s), 0 error(s), 0 left on base; Indiana 1 - Louisiana State 7 |
TOP OF THE 9TH |
Indiana Hoosiers batting - Pitching for Louisiana State Tigers : LHP Augusto García
|
Now at 1B: Francisco Torres
|
|
Now in CF: Chris Jackson
|
|
Batting: RHB Mark Chamberlin
|
0-0: Ball 1-0: Called Strike 1-1: Called Strike 1-2: Strikes out looking
|
Batting: RHB Troy Johnson
|
0-0: Ball 1-0: Ball 2-0: Called Strike 2-1: Ball 3-1: Called Strike 3-2: Foul Ball, location: 2F 3-2: Strikes out looking
|
Batting: RHB Jason McNeil
|
0-0: Called Strike 0-1: Foul Ball, location: 2F 0-2: Ball 1-2: Strikes out looking
|
Top of the 9th over - 0 run(s), 0 hit(s), 0 error(s), 0 left on base; Indiana 1 - Louisiana State 7 |
|
Monday, December 5th, 2016 - OOTP Baseball 17.12 Build 75
|
|